AoeStats
← 739697286

Golden Pit

510247991Analyzed
1v1 RM · 4d ago on Sep 30, 2026· 32m 57s· 2 players
Game mode
Random Map
Map size
Tiny (2 player)
Population
200
Speed
Normal
Resources
Standard
Victory
Conquest
Starting age
Dark Age
Ending age
Imperial Age
RankedLock teamsTeams togetherTeam positionsShared explorationLock speedFull tech treeHidden civsTurbo modeCheats
Victory
Defeat
🇺🇸 Romans · United States
1239
+18
🇨🇳 Celts · China
1277
-18
papa cass
7:07 Loom
9:21 Feudal Age
9:24 Man-at-Arms
10:06 Double-Bit Axe
14:21 Horse Collar
16:04 Fletching
19:38 Wheelbarrow
23:46 Castle Age
22:07 Scale Mail Armor
22:39 Forging
23:51 Gold Mining
23:54 Pikeman
25:27 Chain Mail Armor
26:11 Squires
28:28 Iron Casting
27:47 Long Swordsman
30:19 Bow Saw
739697286
7:17 Loom
9:56 Feudal Age
21:30 Double-Bit Axe
22:24 Wheelbarrow
21:46 Gold Mining
27:41 Castle Age
28:15 Forging
28:06 Scale Mail Armor
28:16 Forging
28:06 Scale Mail Armor
28:16 Forging
28:06 Scale Mail Armor
27:55 Man-at-Arms
29:03 Long Swordsman
Connection lost

Rejoining the realm…

Still unreachable

The connection could not be restored.

Session expired

The server has moved on; the page needs a fresh start.